 Dungeon Crawl Stone Soup version 0.21.0 (webtiles) character file.

53529 Megalobster the Severer (level 14, -12/187 (189) HPs)
             Began as a Minotaur Berserker on Jan 6, 2018.
             Was a High Priest of Trog.
             Mangled by an orc warrior
             ... wielding a +0 scimitar
              (25 damage)
             ... on level 2 of the Orcish Mines.
             The game lasted 01:59:45 (20471 turns).

Megalobster the Severer (Minotaur Berserker)       Turns: 20471, Time: 01:59:46

HP:   -12/187 (189) AC: 14    Str: 35    XL:     14   Next: 31%
MP:   0/21          EV: 14    Int:  4    God:    Trog [*****.]
Gold: 1630          SH:  0    Dex: 11    Spells: 13/13 levels left

rFire    . . .     SeeInvis .   b - +9 executioner's axe (elec)
rCold    + . .     Gourm    .   (shield currently unavailable)
rNeg     . . .     Faith    .   s - +1 chain mail {rC+}
rPois    +         Spirit   +   (helmet restricted)
rElec    .         Reflect  .   v - +0 cloak
rCorr    .         Harm     .   (no gloves)
MR       +++..                  (no boots)
Stlth    ..........             C - amulet of guardian spirit
HPRegen  1.41/turn              g - +4 ring of strength
MPRegen  0.17/turn              R - ring of poison resistance

@: berserking (expiring), regenerating, very quick
A: retaliatory headbutt, horns 2
a: Berserk, Trog's Hand, Brothers in Arms, Burn Spellbooks, Renounce Religion


You were on level 2 of the Orcish Mines.
You worshipped Trog.
Trog was extremely pleased with you.
You were very hungry.

You visited 3 branches of the dungeon, and saw 19 of its levels.
You also visited: Sewer.

You collected 1630 gold pieces.

Inventory:

Hand Weapons
 a - the +9 executioner's axe of Unpleasantness {chop, rElec rPois rF- Dex+6}
   (Trog gifted it to you on level 11 of the Dungeon)

   It inflicts extra damage upon your enemies.
   It affects your dexterity (+6).
   It makes you vulnerable to fire.
   It insulates you from electricity.
   It protects you from poison.
 b - a +9 executioner's axe of electrocution (weapon)
 q - a +2 antimagic mace
Missiles
 D - 10 poisoned javelins
 E - 5 javelins of penetration (quivered)
Armour
 r - a +0 chain mail of fire resistance
 s - a +1 chain mail of cold resistance (worn)
 v - a +0 cloak (worn)
Jewellery
 g - a +4 ring of strength (left hand)
 C - an amulet of guardian spirit (around neck)
 R - a ring of poison resistance (right hand)
Wands
 i - a wand of iceblast (4)
 y - a wand of polymorph (23)
 F - a wand of flame (62)
 G - a wand of paralysis (13)
 H - a wand of disintegration (8)
Scrolls
 d - 10 scrolls of teleportation
 f - a scroll of enchant weapon
 h - 8 scrolls of remove curse
 j - 2 scrolls of fear
 l - 3 scrolls of enchant armour
 p - a scroll of fog {unknown}
 u - 4 scrolls of magic mapping
 w - 2 scrolls of blinking
 J - a scroll of random uselessness {unknown}
 K - a scroll of silence {unknown}
Potions
 e - a potion of lignification {unknown}
 k - 3 potions of heal wounds
 m - 4 potions of invisibility
 n - 8 potions of haste
 o - 2 potions of magic {unknown}
 t - 2 potions of might
 z - 5 potions of brilliance
 A - 2 potions of flight
 B - 3 potions of mutation
 I - 2 potions of berserk rage {unknown}
 L - 2 potions of curing {unknown}
Miscellaneous
 N - 2 sacks of spiders
Comestibles
 c - 22 rations
 x - 5 chunks of flesh


   Skills:
 + Level 12.1 Fighting
 * Level 17.0 Axes
 + Level 11.7 Armour
 + Level 10.9 Dodging
 * Level 11.0 Evocations


You had 13 spell levels left.
You didn't know any spells.

Dungeon Overview and Level Annotations

Branches:
Dungeon (11/15)            Temple (0/1) D:6            Lair (6/6) D:11
  Swamp (0/4) Lair:2        Snake (0/4) Lair:4        Slime (0/5) Lair:6
    Orc (2/2) D:10            Elf (0/3) Orc:2

Altars:
Makhleb
Jiyva

Shops:
D:5 *   Orc:2 (


Innate Abilities, Weirdness & Mutations

You reflexively headbutt those who attack you in melee.
You have a pair of horns on your head.


Message History

a halberd; a chain mail You open the orc knight like a pillowcase!!!
The orc knight is severely wounded.
You slice the orc warrior!!
Lightning courses through the orc warrior!
You kill the orc warrior!
Trog accepts your kill.
You slash the orc warrior!
Lightning courses through the orc warrior!
You kill the orc warrior!
Trog accepts your kill. The orc warrior barely misses you.
The orc knight hits you but does no damage.
You slice the orc knight!!
You kill the orc knight!
Trog accepts your kill.
You closely miss the orc warrior.
The orc warrior no longer looks unusually strong.
The orc warrior hits you with a scimitar!!
You die...

.... ....
..##.....∩....P
...
..........8....
.
................
..#.#.PP.P.P....
..$
........P.P.....
....
........o..P....
....
......o)).......
....
......)@)§......
....
.....#..........
..#.
.......§<.......
......)§........
................
#.#.......#....$
# ##............
##.#........#
####........


You could see 2 orc warriors.

Vanquished Creatures
  An orc warlord (Orc:2)
  3 hydras
  2 two-headed ogres
  A catoblepas (Lair:5)
  3 orc high priests
  4 orc knights
  Pikel (D:4)
  3 orc sorcerers
  An ugly thing (D:11)
  A cyclops (D:11)
  9 elephants
  A centaur zombie (D:11)
  6 black mambas
  9 spiny frogs
  A torpor snail (Lair:3)
  4 komodo dragons
  3 trolls
  The ghost of Terandir the Chopper, an amateur MiFi (D:5)
  A merfolk (D:11)
  7 hornets (Lair:6)
  2 tyrant leeches (Lair:2)
  6 polar bears (Lair:6)
  12 blink frogs
  6 dream sheep (Lair:6)
  6 hippogriffs
  16 spriggans
  A wyvern (Lair:3)
  44 yaks
  2 hungry ghosts (D:7)
  6 wargs
  A swamp worm (Lair:2)
  23 water moccasins
  9 porcupines
  3 black bears
  17 orc warriors
  2 ice beasts
  4 sky beasts
  A slave (D:3)
  2 necrophages
  7 ogres
  25 wolves
  4 centaurs
  3 boggarts (Lair:6)
  A phantom (D:5)
  6 crocodiles
  9 big kobolds
  10 bullfrogs
  A wyvern skeleton (D:11)
  2 scorpions
  31 killer bees
  3 howler monkeys
  3 electric eels
  3 crimson imps
  2 bullfrog zombies
  2 jellies
  5 orc priests
  2 hounds
  2 bullfrog skeletons
  2 centaur skeletons
  Crazy Yiuf (D:3)
  2 iguanas (D:6)
  8 orc wizards
  9 worker ants
  2 hound skeletons (D:6)
  2 worker ant zombies
  22 adders
  5 river rats
  2 shadow imps
  5 oozes
  An adder skeleton (D:8)
  2 adder zombies
  3 worms
  2 dart slugs
  7 leopard geckos
  56 orcs
  4 ball pythons
  3 giant cockroaches
  9 goblins
  10 hobgoblins
  4 quokkas
  7 bats
  7 frilled lizards
  A jackal skeleton (D:6)
  33 kobolds
  A leopard gecko skeleton (D:4)
  2 leopard gecko zombies
  A quokka skeleton (D:7)
  13 rats
  6 fungi
  8 plants
586 creatures vanquished.

Vanquished Creatures (collateral kills)
  A hydra (Lair:3)
  A rime drake (Lair:3)
  A water moccasin (Lair:3)
  An orc warrior (Orc:2)
  2 electric eels (Lair:3)
  A plant (Lair:3)
7 creatures vanquished.

Vanquished Creatures (others)
  A centaur zombie (D:11)
  An orc priest (Orc:2)
  A quokka skeleton (D:4)
  28 fungi
  19 plants
50 creatures vanquished.

Grand Total: 643 creatures vanquished

Notes
Turn   | Place    | Note
-------+----------+-------------------------------------------
     0 | D:1      | Megalobster the Minotaur Berserker began the quest for the Orb.
     0 | D:1      | Reached XP level 1. HP: 19/19 MP: 0/0
   230 | D:1      | Reached XP level 2. HP: 25/27 MP: 1/1
   294 | D:1      | Reached skill level 4 in Axes
  1011 | D:2      | Reached XP level 3. HP: 8/33 MP: 2/2
  1657 | D:2      | Reached XP level 4. HP: 40/40 MP: 3/3
  1743 | D:2      | Reached ** piety under Trog
  2065 | D:3      | Reached skill level 5 in Axes
  2066 | D:3      | Found a glowing drain.
  2104 | Sewer    | Entered a sewer
  2153 | Sewer    | Reached XP level 5. HP: 30/47 MP: 4/4
  2334 | Sewer    | Reached XP level 6. HP: 44/55 MP: 5/5
  2386 | Sewer    | Reached skill level 5 in Fighting
  2386 | Sewer    | Reached skill level 6 in Axes
  2715 | Sewer    | Reached XP level 7. HP: 37/61 MP: 6/6
  2963 | Sewer    | Reached skill level 7 in Axes
  3405 | D:3      | Found a runed door.
  3409 | D:3      | Noticed Crazy Yiuf
  3411 | D:3      | Killed Crazy Yiuf
  3593 | D:3      | Reached *** piety under Trog
  3697 | D:4      | Reached skill level 5 in Armour
  4130 | D:4      | Noticed Pikel
  4142 | D:4      | Killed Pikel
  4142 | D:4      | Reached skill level 8 in Axes
  4142 | D:4      | Reached skill level 5 in Dodging
  4142 | D:4      | Reached XP level 8. HP: 71/71 MP: 7/7
  4191 | D:4      | Found a burning altar of Makhleb.
  5089 | D:5      | Entered Level 5 of the Dungeon
  5175 | D:5      | Reached skill level 9 in Axes
  5196 | D:5      | Noticed Terandir's ghost (amateur MiFi)
  5473 | D:5      | Found Saylywotz's Assorted Antiques.
  5863 | D:5      | Reached XP level 9. HP: 72/79 MP: 8/8
  6013 | D:5      | Killed Terandir's ghost
  6104 | D:5      | Reached skill level 10 in Axes
  6758 | D:6      | Reached skill level 11 in Axes
  7062 | D:6      | Found a staircase to the Ecumenical Temple.
  7274 | D:7      | Reached XP level 10. HP: 90/90 MP: 9/9
  7588 | D:7      | Reached **** piety under Trog
  8221 | D:8      | Reached skill level 12 in Axes
  8306 | D:8      | Received a gift from Trog
  8312 | D:8      | Noticed a two-headed ogre
  8319 | D:8      | Killed a two-headed ogre
  9518 | D:10     | Entered Level 10 of the Dungeon
  9525 | D:10     | Reached XP level 11. HP: 99/99 MP: 10/10
  9528 | D:10     | Reached skill level 13 in Axes
  9899 | D:10     | Found a staircase to the Orcish Mines.
  9906 | D:10     | Reached skill level 10 in Fighting
 10199 | D:11     | Reached skill level 1 in Evocations
 10277 | D:11     | Found a staircase to the Lair.
 10339 | D:11     | Noticed a two-headed ogre
 10343 | D:11     | Killed a two-headed ogre
 10343 | D:11     | Reached ***** piety under Trog
 10693 | D:11     | Noticed a green ugly thing
 10705 | D:11     | Killed a green ugly thing
 10982 | D:11     | Received a gift from Trog
 11015 | D:11     | Reached skill level 5 in Evocations
 11227 | Lair:1   | Entered Level 1 of the Lair of Beasts
 11294 | Lair:1   | Reached skill level 14 in Axes
 11469 | Lair:1   | Noticed a four-headed hydra
 11480 | Lair:1   | Killed a six-headed hydra
 11598 | Lair:1   | Got a fine pewter ring
 11600 | Lair:1   | Identified the ring "Kyummu Kizyo" {*Tele MR- Dex+7} (You found it on level 1 of the Lair of Beasts)
 12341 | Lair:2   | Reached XP level 12. HP: 88/105 MP: 16/16
 12632 | Lair:2   | Found a staircase to the Swamp.
 13867 | Lair:3   | Reached skill level 15 in Axes
 13907 | Lair:3   | Noticed a six-headed hydra
 13914 | Lair:3   | Killed a six-headed hydra
 13914 | Lair:3   | Reached skill level 10 in Armour
 15423 | Lair:4   | Found a staircase to the Snake Pit.
 15669 | Lair:4   | Reached XP level 13. HP: 99/113 MP: 18/18
 15675 | Lair:4   | Received a gift from Trog
 17453 | Lair:6   | Entered Level 6 of the Lair of Beasts
 17464 | Lair:6   | Reached skill level 10 in Dodging
 17479 | Lair:6   | Reached skill level 16 in Axes
 17812 | Lair:6   | Reached skill level 10 in Evocations
 17972 | Lair:6   | Paralysed by a hornet for 1 turns
 18626 | Lair:6   | Paralysed by a hornet for 3 turns
 19008 | Lair:6   | Found a viscous altar of Jiyva.
 19008 | Lair:6   | Found a staircase to the Slime Pits.
 19136 | Lair:6   | Reached XP level 14. HP: 79/124 MP: 12/20
 19773 | D:11     | Received a gift from Trog
 19774 | D:11     | Got a shimmering executioner's axe {god gift}
 19775 | D:11     | Identified the +9 executioner's axe of Unpleasantness {chop, rElec rPois rF- Dex+6} (Trog gifted it to you on level 11 of the Dungeon)
 19835 | Orc:1    | Entered Level 1 of the Orcish Mines
 20340 | Orc:2    | Entered Level 2 of the Orcish Mines
 20356 | Orc:2    | Found a staircase to the Elven Halls.
 20453 | Orc:2    | Noticed an orc warlord
 20468 | Orc:2    | Killed an orc warlord
 20468 | Orc:2    | Reached skill level 17 in Axes
 20469 | Orc:2    | Found Zibiheto's Antique Weapon Shoppe.
 20471 | Orc:2    | Mangled by an orc warrior

Skill      XL: |  1  2  3  4  5  6  7  8  9 10 11 12 13 14 |
---------------+-------------------------------------------+-----
Axes           | 4 5 6 8 9 11 12 14 15 16 17 | 17.0
Fighting       | 4 5 6 7 8 9 10 11 12 | 12.1
Armour         | 3 4 5 6 8 9 10 11 | 11.7
Dodging        | 3 4 5 6 7 8 9 10 | 10.9
Evocations     | 6 9 10 11 | 11.0

Action                   |  1- 3 |  4- 6 |  7- 9 | 10-12 | 13-15 || total
-------------------------+-------+-------+-------+-------+-------++-------
Melee: Hand axe          |    66 |   107 |   333 |    39 |       ||   545
       Headbutt          |    12 |    20 |    76 |   109 |    41 ||   258
       Broad axe         |       |       |       |   553 |     5 ||   558
       Executioner's axe |       |       |       |       |   271 ||   271
       Mace              |       |       |       |       |    11 ||    11
Invok: Berserk           |     2 |     1 |     9 |    18 |    13 ||    43
       Trog's Hand       |       |     2 |     6 |     7 |    10 ||    25
       Burn Spellbooks   |       |       |       |     1 |     4 ||     5
       Brothers in Arms  |       |       |       |     2 |     1 ||     3
Evoke: Wand              |       |       |       |     7 |     1 ||     8
  Use: Scroll            |       |       |     8 |     9 |     6 ||    23
       Potion            |       |       |       |       |     2 ||     2
 Stab: Distracted        |       |       |       |       |     1 ||     1
  Eat: Chunk             |     4 |     3 |    12 |    34 |     7 ||    60
       Ration            |       |     1 |     3 |     6 |     6 ||    16
Armor: Animal skin       |     9 |       |       |       |       ||     9
       Scale mail        |     7 |    41 |    87 |   153 |    10 ||   298
       Chain mail        |       |       |       |       |   134 ||   134
Dodge: Dodged            |    41 |    58 |   181 |   434 |   246 ||   960
